 Dungeon Crawl Stone Soup version 0.29.0-4-gdea44cf6ec (webtiles) character file.

Game seed: 7259380319813354010

19 qw the Chopper (level 2, -6/17 HPs)
             Began as a Tengu Warper on Aug 28, 2022.
             Mangled by Sigmund
             ... wielding a +4 scythe
              (12 damage)
             ... on level 2 of the Dungeon.
             The game lasted 00:00:07 (1321 turns).

qw the Chopper (Tengu Warper)                       Turns: 1321, Time: 00:00:07

Health: -6/17      AC:  3    Str: 11    XL:     2   Next: 75%
Magic:  6/6        EV: 11    Int: 13    God:
Gold:   86         SH:  0    Dex: 13    Spells: 5/5 levels left

rFire   . . .      SeeInvis .   Y - +0 hand axe
rCold   . . .      Faith    .   (no shield)
rNeg    . . .      Spirit   .   b - +0 leather armour
rPois   .          Reflect  .   (helmet restricted)
rElec   .          Harm     .   (no cloak)
rCorr   .          Rampage  .   (no gloves)
Will    .....                   (boots unavailable)
Stlth   +.........              (no amulet)
HPRegen 0.05/turn               (no ring)
MPRegen 0.10/turn               (no ring)

@: no status effects
A: beak, talons 3
a: no special abilities


You were on level 2 of the Dungeon.
You visited 1 branch of the dungeon, and saw 2 of its levels.

You collected 86 gold pieces.


Innate Abilities, Weirdness & Mutations

You have a beak for a mouth.
You have claws for feet.


   Skills:
 - Level 2.0 Fighting
 + Level 3.5 Axes
 - Level 1.0 Throwing
 - Level 1.1 Armour
 - Level 2.1 Dodging
 - Level 2.0 Spellcasting
 - Level 2.4 Translocations


You had 5 spell levels left.
You didn't know any spells.
Your spell library contained the following spells:

 Spells                   Type           Power      Damage    Failure   Level
 Blink                    Tloc           14%        N/A       19%         2
 Gell's Gravitas          Tloc           7%         N/A       36%         3
 Lesser Beckoning         Tloc           7%         N/A       36%         3
 Teleport Other           Tloc           7%         N/A       36%         3
 Manifold Assault         Tloc           7%         N/A       98%         5

Inventory:

Hand Weapons
 d - a +0 whip
 Y - a +0 hand axe (weapon)
Armour
 b - a +0 leather armour (worn)
Potions
 f - a potion of curing
 g - a potion of degeneration {unknown}
 l - a potion of resistance {unknown}

Dungeon Overview and Level Annotations

Branches:
Dungeon (2/15)

Altars:

Annotations:
D:2 Sigmund


Message History

Sigmund shouts!
Sigmund barely misses you. The rat barely misses you.
You hit the rat.
You kill the rat!
You closely miss the rat. The rat bites you but does no damage.
You hit the rat.
You kill the rat!
Sigmund hits you from afar with a +4 scythe.
Sigmund barely misses you.
You barely miss Sigmund. You claw Sigmund, but do no damage.
Sigmund hits you with a +4 scythe!
1137 ||| READING scroll of teleportation.
As you read the scroll of teleportation, it crumbles to dust.
You feel strangely unstable.
You hit Sigmund. You peck Sigmund, but do no damage.
Sigmund is lightly wounded.
Sigmund barely misses you.
You closely miss Sigmund. Your peck misses Sigmund.
Sigmund is lightly wounded.
Your surroundings suddenly seem different.
Found 15 gold pieces, 2 boomerangs, a dented blue amulet and a robe.
Found a stone staircase leading down.
Enter note: You start resting.
Sigmund is nearby!
1315 ||| Stepping ~*~*~tactically~*~*~ (stealth).
You start resting.
Sigmund is nearby!
You see here 6 gold pieces.
Sigmund shouts!
You hear an angry hiss.
Sigmund gestures wildly while chanting.
Sigmund flickers and vanishes!
Deactivating autopickup; reactivate with Ctrl-A.
You swing at nothing.
Something hits you!
You swing at nothing.
Something hits you!
Ouch! That really hurt!
You die...

.........[......
...............#
..."....$......#
...............#
...............#
...............##
.........>.......
.(.......$....##
#........@...##
#####.#....###
#.####{.. ..
##... .. #### ...


There were no monsters in sight!

Vanquished Creatures
  A dart slug (D:1)
  An endoplasm (D:1)
  2 giant cockroaches (D:1)
  2 goblins (D:1)
  3 hobgoblins (D:1)
  A kobold (D:1)
  A ball python (D:1)
  2 bats (D:1)
  3 rats
16 creatures vanquished.

Notes
Turn   | Place    | Note
-------+----------+-------------------------------------------
     0 | D:1      | qw the Tengu Warper began the quest for the Orb.
     0 | D:1      | Reached XP level 1. HP: 12/12 MP: 4/4
     0 | D:1      | 0 ||| qw: Version: 0.1-a-89-g26bdef1
     0 | D:1      | 0 ||| qw: Game counter: 2064
     0 | D:1      | 0 ||| qw: Always use a shield: true
     0 | D:1      | 0 ||| qw: God list: Okawaru
     0 | D:1      | 0 ||| qw: Allow faded altars: false
     0 | D:1      | 0 ||| qw: Do Orc after D:15 true
     0 | D:1      | 0 ||| qw: Do second Lair branch before Depths: true
     0 | D:1      | 0 ||| qw: Lair rune preference: random
     0 | D:1      | 0 ||| qw: Plans: Normal
     0 | D:1      | 0 ||| PLANNING D:1-11
    73 | D:1      | Found a faded altar of an unknown god.
    87 | D:1      | HP: 1/12 [frozen (3)]
   490 | D:1      | Reached XP level 2. HP: 17/17 MP: 6/6
   502 | D:1      | Reached skill level 3 in Axes
   630 | D:1      | 630 ||| Stepping ~*~*~tactically~*~*~ (hiding).
   735 | D:1      | 735 ||| Stepping ~*~*~tactically~*~*~ (hiding).
  1091 | D:1      | 1091 ||| READING 2 scrolls labelled GULUNU TOYR.
  1092 | D:1      | 1092 ||| READING 2 scrolls labelled LUAGAROGUE.
  1097 | D:1      | 1097 ||| READING scroll labelled XASIMU MESA.
  1098 | D:1      | 1098 ||| READING scroll labelled FOTTAR OTAEV.
  1099 | D:1      | 1099 ||| READING scroll labelled ZEADGH WIOFIF.
  1100 | D:1      | 1100 ||| DRINKING 2 blue potions.
  1101 | D:1      | 1101 ||| DROPPING scroll of immolation.
  1102 | D:1      | 1102 ||| DROPPING scroll of blinking.
  1130 | D:2      | Noticed Sigmund
  1136 | D:2      | HP: 4/17 [Sigmund/+4 scythe (7)]
  1137 | D:2      | 1137 ||| READING scroll of teleportation.
  1315 | D:2      | 1315 ||| Stepping ~*~*~tactically~*~*~ (stealth).
  1321 | D:2      | Mangled by Sigmund

Levels and vault maps discovered:
D:1:      kennysheep_arrival_forest, layout_basic, serial_corexii_hall,
          chequers_hall_statues_wall_a, chequers_hall_statues_corner_a,
          ebering_ecumenical_altar_rust
D:2:      layout_rooms, uniq_sigmund

Skill      XL: |  1  2 |
---------------+-------+-----
Axes           | 3 |  3.5
Fighting       | |  2.0
Throwing       | |  1.0
Armour         | |  1.1
Dodging        | |  2.1
Spellcasting   | |  2.0
Translocations | |  2.4

Action                   || total
-------------------------++-------
Melee: Hand axe          ||    34
       Kick              ||     8
       Peck              ||     6
Throw: Boomerang         ||     7
  Use: Scroll            ||     6
       Potion            ||     1
Armor: Leather armour    ||     6
Dodge: Dodged            ||    18

Table legend:
 A = Non-vault XP
 B = Vault XP
 C = Vault XP percentage of total XP
 D = Non-vault monster count
 E = Vault monster count
 F = Vault count percentage of total count
                 A         B        C        D         E       F
            +---------+---------+-------+---------+---------+-------
      Total |      28 |       0 |   0.0 |      16 |       0 |   0.0
            +---------+---------+-------+---------+---------+-------
        D:1 |      26 |       0 |   0.0 |      14 |       0 |   0.0
        D:2 |       2 |       0 |   0.0 |       2 |       0 |   0.0
            +---------+---------+-------+---------+---------+-------
